 Dungeon Crawl Stone Soup version 0.22-a0-779-g6f83d72c62 (webtiles) character file.

56 Roikka the Firebug (level 3, -3/24 HPs)
             Began as a Demonspawn Fire Elementalist on July 19, 2018.
             Killed from afar by Natasha (7 damage)
             ... with a magic dart
             ... on level 2 of the Dungeon.
             The game lasted 00:12:13 (2216 turns).

Roikka the Firebug (Demonspawn Fire Elementalist)   Turns: 2216, Time: 00:12:13

Health: -3/24      AC:  4    Str:  8    XL:     3   Next: 69%
Magic:  1/6        EV: 18    Int: 17    God:
Gold:   98         SH:  0    Dex: 18    Spells: 3/6 levels left

rFire    . . .     SeeInvis .   n - -1 dagger (curse)
rCold    . . .     Gourm    .   (no shield)
rNeg     . . .     Faith    .   a - +0 robe
rPois    .         Spirit   .   (helmet restricted)
rElec    .         Reflect  .   l - +0 cloak
rCorr    .         Harm     .   (no gloves)
MR       .....                  m - +0 pair of boots
Stlth    ++++......             (no amulet)
HPRegen  0.08/turn              (no ring)
MPRegen  0.10/turn              (no ring)

@: agile, very slightly contaminated
A: horns 1, nightstalker 1
a: no special abilities


You were on level 2 of the Dungeon.
You were not hungry.

You visited 1 branch of the dungeon, and saw 3 of its levels.

You collected 98 gold pieces.

Inventory:

Hand Weapons
 b - a +0 hunting sling
 d - a +0 whip
 n - a cursed -1 dagger (weapon)
Missiles
 e - 59 stones (quivered)
Armour
 a - a +0 robe (worn)
 l - a +0 cloak (worn)
 m - a +0 pair of boots (worn)
Jewellery
 f - an uncursed ring of poison resistance {unknown}
Scrolls
 o - a scroll of identify
Potions
 h - a potion of curing {unknown}
 i - a potion of cancellation {unknown}
 j - a potion of heal wounds {unknown}
 k - a potion of mutation
Comestibles
 c - 4 rations


   Skills:
 - Level 2.1 Dodging
 - Level 1.7 Stealth
 - Level 2.3 Spellcasting
 * Level 2.2 Conjurations
 * Level 3.3 Fire Magic


You had 3 spell levels left.
You knew the following spells:

 Your Spells              Type           Power        Failure   Level  Hunger
a - Flame Tongue          Conj/Fire      ##...        6%          1    #......
b - Throw Flame           Conj/Fire      ##....       9%          2    ###....

Your spell library contained the following spells:

 Spells                   Type           Power        Failure   Level  Hunger
 Fireball                 Conj/Fire      ##........   86%         5    ######.
 Conjure Flame            Conj/Fire      ##......     19%         3    ###....
 Sticky Flame             Conj/Fire      ##......     52%         4    #####..
 Inner Flame              Hex/Fire       #.......     28%         3    ###....


Dungeon Overview and Level Annotations

Branches:
Dungeon (3/15)

Altars:
Xom

Annotations:
D:2 Natasha


Innate Abilities, Weirdness & Mutations

You have a pair of small horns on your head.
You are slightly more attuned to the shadows.


Message History

Press: ? - help, Shift-Dir - straight line, f/p - Natasha
Aim: Natasha (heavily wounded)
The flame tongue hits Natasha.
Natasha is almost dead.
Natasha casts a spell at you. The magic dart hits you!
Natasha zaps a wand.
The puff of flame hits you!
It is a wand of flame (13).
You hit Natasha. Your headbutt misses Natasha.
Natasha is almost dead.
Natasha claws you.
* * * LOW HITPOINT WARNING * * *
It was a potion of agility.
You feel agile all of a sudden. Natasha completely misses you.
Casting: Flame Tongue (safe; 6% risk of failure)
Confirm with . or Enter, or press ? or * to list all spells.
You don't have enough magic to cast that spell.
Natasha stares at you and mumbles some strange words.
The magic dart hits you!
You die...

######### #...# #.......#
#...# #.......# #...#
#...?...# #...# #.......#
#...# #####
##.......###...#####...####
...................#.#...>.
#(.......###...###.._..####
#.#####.h.@......#.#.######
#..........#...# #[.
#.......<..#...# #.#
#..........#...# #.#
#####......##### #.#
#.########### #.#
#.##........# #.# ♣♣♣
#...........# #.. ..♣.
######.........# ###


You could see Natasha.

Vanquished Creatures
  A gnoll (D:2)
  An adder (D:2)
  A worm (D:2)
  A dart slug (D:1)
  4 orcs
  2 giant cockroaches
  2 goblins (D:1)
  4 hobgoblins (D:1)
  A bat (D:1)
  6 kobolds
  7 rats
30 creatures vanquished.

Notes
Turn   | Place    | Note
-------+----------+-------------------------------------------
     0 | D:1      | Roikka the Demonspawn Fire Elementalist began the quest for the Orb.
     0 | D:1      | Reached XP level 1. HP: 13/13 MP: 3/3
   488 | D:1      | Gained mutation: You have a pair of small horns on your head. [demonic ancestry]
   488 | D:1      | Reached XP level 2. HP: 19/19 MP: 3/5
   514 | D:1      | Learned a level 2 spell: Throw Flame
   901 | D:1      | Reached skill level 3 in Fire Magic
  1374 | D:2      | Gained mutation: You are slightly more attuned to the shadows. [demonic ancestry]
  1374 | D:2      | Reached XP level 3. HP: 24/24 MP: 1/6
  1728 | D:2      | Noticed Natasha
  1735 | D:2      | Found a shimmering altar of Xom.
  2216 | D:2      | Killed from afar by Natasha

Vault maps used:
D:1:      dpeg_arrival_chase, hangedman_decor_opposing,
          minmay_misc_feat_enclosed, minmay_split_cup_large
D:2:      lemuel_crystal_altar, lemuel_crystal_altar, uniq_natasha,
          uniq_crazy_yiuf_cottage
D:3:      kennysheep_slugbush, nicolae_overflow_hidden_temple,
          hangedman_abyss_or_decor_lesser_grid, uniq_sigmund

Skill      XL: |  1  2  3 |
---------------+----------+-----
Fire Magic     | 3 |  3.3
Dodging        | 2 |  2.1
Conjurations   | 2 |  2.2
Stealth        | |  1.7
Spellcasting   | |  2.3

Action                   || total
-------------------------++-------
Melee: Whip              ||     1
       Dagger            ||     1
 Fire: Hunting sling     ||     6
Throw: Stone             ||    32
 Cast: Flame Tongue      ||    47
       Throw Flame       ||     3
  Use: Scroll            ||     4
       Potion            ||     1
  Eat: Chunk             ||     5
Armor: Robe              ||     4
Dodge: Dodged            ||    23

Table legend:
 A = Spawn XP
 B = Non-spawn XP
 C = Spawn XP percentage of total XP
 D = Spawn monster count
 E = Non-spawn monster count
 F = Spawn count percentage of total count
 G = Total turns spent on level
                    A         B        C        D         E        F      G
               +---------+---------+-------+---------+---------+-------+---------
         Total |       0 |      80 |   0.0 |       0 |      30 |   0.0 |  2216
               +---------+---------+-------+---------+---------+-------+---------
           D:1 |       0 |      30 |   0.0 |       0 |      18 |   0.0 |  1331
           D:2 |       0 |      47 |   0.0 |       0 |      11 |   0.0 |   876
           D:3 |       0 |       3 |   0.0 |       0 |       1 |   0.0 |     9
               +---------+---------+-------+---------+---------+-------+---------
